 Dungeon Crawl Stone Soup version 0.31.0 (webtiles) character file.

Game seed: 14857424183874318665

20073 qw the Marksgargoyle (level 12, 0/79 HPs)
             Began as a Gargoyle Hunter on Jan 19, 2024.
             Was a High Priest of Okawaru.
             Slain by a death yak (8 damage)
             ... on level 3 of the Lair of Beasts.
             The game lasted 00:01:26 (10130 turns).

qw the Marksgargoyle (Gargoyle Hunter)             Turns: 10130, Time: 00:01:27

Health: 0/79       AC: 22    Str: 16    XL:     12   Next: 75%
Magic:  14/18      EV: 12    Int: 10    God:    Okawaru [*****.]
Gold:   613        SH:  0    Dex: 17    Spells: 11/11 levels left

rFire   + . .        k - +2 orcbow
rCold   . . .        (shield currently unavailable)
rNeg    + . .        e - +2 ring mail {Will+}
rPois   inf          s - +2 hat
rElec   +            (no cloak)
rCorr   .            b - +2 pair of gloves
SInv    .            (no boots)
Will    +....        (no amulet)
Stlth   +            r - ring of protection from fire
HPRegen 1.93/turn    n - +4 ring of slaying {mikee}
MPRegen 0.16/turn

%: no passive effects
@: about to teleport, finesse-ful
A: sickness immunity, AC +8, negative energy resistance 1, electricity
resistance, torment resistance 1, petrification resistance, regeneration 2,
noise suppression
a: Renounce Religion, Heroism, Finesse, Duel


You were on level 3 of the Lair of Beasts.
You worshipped Okawaru.
Okawaru was extremely pleased with you.
You visited 3 branches of the dungeon, and saw 13 of its levels.

You collected 613 gold pieces.


Innate Abilities, Weirdness & Mutations

You are immune to sickness and miasma.
Your stone body is resilient. (AC +8)
You are immune to poison.
You resist negative energy. (rN+)
You are resistant to electric shocks. (rElec)
You are resistant to unholy torment.
You are immune to petrification.
You heal very quickly.
You passively dampen the noise of your surroundings.


   Skills:
 + Level 10.7 Fighting
 - Level 16.0 Ranged Weapons
 - Level 4.4 Armour
 - Level 4.1 Dodging
 - Level 1.1 Stealth
 + Level 8.3 Invocations


You had 11 spell levels left.
You didn't know any spells.
Your spell library was empty.

Inventory:

Hand Weapons
 k - a +2 orcbow (weapon)
Armour
 b - a +2 pair of gloves (worn)
 e - a +2 ring mail of willpower (worn)
 m - a +1 robe of fire resistance
 s - a +2 hat (worn)
Jewellery
 d - a ring of fire
 n - a +4 ring of slaying (right hand) {mikee}
 r - a ring of protection from fire (left hand)
Wands
 g - a wand of polymorph (5)
 i - a wand of iceblast (24)
 t - a wand of mindburst (17)
Scrolls
 v - a scroll of enchant armour
Potions
 c - a potion of berserk rage {unknown}
 f - a potion of might
 h - a potion of haste
 j - a potion of invisibility {unknown}
 l - a potion of lignification {unknown}
 o - a potion of ambrosia {unknown}
 q - a potion of mutation
 u - a potion of curing
 w - a potion of enlightenment {unknown}

Dungeon Overview and Level Annotations

Branches:
Dungeon (9/15)             Temple (1/1) D:4            Lair (3/5) D:9
 Shoals (0/4) Lair:2        Snake (0/4) Lair:2
    Orc: D:9-12

Altars:
Ashenzari
Cheibriados
Dithmenos
Elyvilon
Fedhas
Gozag
Hepliaklqana
Kikubaaqudgha
Makhleb
Nemelex Xobeh
Okawaru
Qazlal
Ru
Sif Muna
Trog
Vehumet
Wu Jian
Xom
Yredelemnul
Zin
The Shining One
Jiyva

Shops:
D:1 :   D:7 :

Annotations:
D:2 1 runed translucent door, Crazy Yiuf
D:5 3 runed translucent doors, qw's ghost, amateur GrHu
Lair:1 3 runed translucent doors, qw's ghost, journeyman GrHu
Lair:2 2 transporters


Message History

You shoot an arrow. The arrow barely misses the death yak.
The arrow hits the death yak!
The death yak is moderately wounded.
The death yak gores you.
You shoot an arrow. The arrow hits the death yak!
The death yak is severely wounded.
You shoot an arrow. The arrow hits the death yak!
The death yak is severely wounded.
You shoot an arrow. The arrow hits the death yak.
The death yak is severely wounded.
The death yak gores you!!
You shoot an arrow. The arrow hits the death yak!
The death yak is almost dead.
You shoot an arrow. The arrow hits the death yak!
You kill the death yak!
Okawaru accepts your kill.
10125 ||| FLEEEEING.
A death yak comes into view.
The death yak bellows!
The death yak gores you but does no damage.
You shoot an arrow.
The arrow hits the death yak but does no damage.
The death yak gores you!
10127 ||| READING scroll of teleportation.
As you read the scroll of teleportation, it crumbles to dust.
You feel strangely unstable.
The death yak gores you but does no damage.
The death yak gores you! The death yak completely misses you.
10128 ||| DRINKING potion of heal wounds.
You feel much better.
The death yak gores you but does no damage.
The death yak gores you!
The death yak gores you but does no damage.
You shoot an arrow.
The arrow hits the death yak but does no damage.
The death yak is moderately wounded.
You shoot an arrow. The arrow hits the death yak.
The death yak is moderately wounded.
The death yak completely misses you. The death yak gores you! x2
You die...

######..###.........<.......
......>.......#.#...###.##..
...#..P....%.......## .# .
##.#..#....#.#... .
####.#.###...... .
#.....####...# ## #..#....)#
#...P #..#...#.# ##..# ###
#.}Y@.# ...#..Y#Y# #.#...#%#
#......# ##...### #.....#
#..####..# ..... .#...
.>.?+.. + .>.


You could see 3 death yaks.

Vanquished Creatures
  Gastronok (Lair:1)
  A catoblepas (Lair:2)
  A two-headed ogre (D:9)
  2 death yaks (Lair:3)
  9 elephants (Lair:2)
  2 black mambas (Lair:2)
  A water nymph (Lair:2)
  2 cane toads
  2 komodo dragons
  A merfolk (Lair:2)
  2 polar bears
  Grinder (D:4)
  A hornet (D:9)
  5 dream sheep (Lair:3)
  5 blink frogs (Lair:2)
  2 wyverns (D:7)
  A shadow (D:7)
  A vampire (D:9)
  21 yaks
  A basilisk (Lair:2)
  Eustachio (D:4)
  3 nagas (Lair:2)
  7 water moccasins
  2 orc warriors (D:8)
  2 black bears
  2 centaurs (D:9)
  2 ogres (D:5)
  5 wolves (Lair:2)
  A kobold brigand (D:8)
  4 scorpions
  8 bullfrogs
  5 wights (D:6)
  6 killer bees (D:9)
  2 electric eels (Lair:2)
  3 howler monkeys
  2 bombardier beetles
  2 gnoll boudas (D:5)
  8 orc priests
  2 jellies
  A sleepcap (D:5)
  Ijyb (D:4)
  5 iguanas
  9 orc wizards
  10 gnolls
  9 adders
  2 white imps
  3 dart slugs
  A ribbon worm (D:5)
  60 orcs
  9 ball pythons
  3 bats
  8 endoplasms
  2 giant cockroaches
  8 hobgoblins
  3 jackals (D:2)
  7 kobolds
  2 quokkas
  2 frilled lizards
  2 goblins
  4 rats
280 creatures vanquished.

Notes
Turn   | Place    | Note
-------+----------+-------------------------------------------
     0 | D:1      | qw the Gargoyle Hunter began the quest for the Orb.
     0 | D:1      | Reached XP level 1. HP: 12/12 MP: 1/1
     0 | D:1      | 0 ||| qw: Version: 0.3-a-132-g3d54051
     0 | D:1      | 0 ||| qw: Game counter: 334
     0 | D:1      | 0 ||| qw: Melee chars always use a shield: true
     0 | D:1      | 0 ||| qw: God list: Okawaru
     0 | D:1      | 0 ||| qw: Allow faded altars: false
     0 | D:1      | 0 ||| qw: Do Orc after clearing Dungeon:15 true
     0 | D:1      | 0 ||| qw: Do second Lair branch before Depths: true
     0 | D:1      | 0 ||| qw: Lair rune preference: random
     0 | D:1      | 0 ||| qw: Goals: Normal
     0 | D:1      | 0 ||| PLANNING D:1-11
   272 | D:1      | Reached XP level 2. HP: 17/17 MP: 2/2
   435 | D:1      | Found Temecwuj's Book Boutique.
   526 | D:1      | 526 ||| READING scroll labelled JOATIMMUEH.
   527 | D:1      | 527 ||| READING scroll labelled DOUNEUT SICA.
   527 | D:1      | 527 ||| IDENTIFYING brown potion
   528 | D:1      | 528 ||| READING scroll labelled ROHUJOIDUE.
   529 | D:1      | 529 ||| READING scroll labelled AFELAA YVAGG.
   530 | D:1      | 530 ||| DROPPING scroll of butterflies.
   531 | D:1      | 531 ||| DROPPING potion of brilliance.
   717 | D:2      | HP: 4/17 [jackal (2)]
   723 | D:2      | HP: 4/17 [jackal (1)]
   726 | D:2      | 726 ||| FLEEEEING.
   793 | D:2      | 793 ||| FLEEEEING.
   809 | D:2      | Reached XP level 3. HP: 21/21 MP: 3/3
   837 | D:2      | Reached skill level 5 in Ranged Weapons
  1124 | D:2      | Reached skill level 3 in Fighting
  1139 | D:2      | Found a runed translucent door.
  1140 | D:2      | Noticed Crazy Yiuf
  1201 | D:2      | Reached XP level 4. HP: 21/28 MP: 4/4
  1575 | D:2      | 1575 ||| UPGRADING to +1 pair of gloves.
  1648 | D:3      | 1648 ||| FLEEEEING.
  1659 | D:3      | 1659 ||| FLEEEEING.
  1668 | D:3      | 1668 ||| DRINKING fuming ruby potion.
  1668 | D:3      | Gained mutation: You have hidden genetic potential. [potion
                  | of mutation]
  1668 | D:3      | Gained mutation: You passively dampen the noise of your
                  | surroundings. [potion of mutation]
  2180 | D:3      | Found a faded altar of an unknown god.
  2294 | D:3      | Found a glowing golden altar of the Shining One.
  2311 | D:3      | 2311 ||| READING scroll of identify.
  2311 | D:3      | 2311 ||| IDENTIFYING scroll labelled EDOCZE KUSATHRI
  2312 | D:3      | 2312 ||| DROPPING scroll of amnesia.
  2354 | D:4      | Noticed Eustachio
  2374 | D:4      | 2374 ||| RETREEEEATING.
  2397 | D:4      | Killed Eustachio
  2398 | D:4      | Reached skill level 6 in Ranged Weapons
  2398 | D:4      | Reached XP level 5. HP: 20/32 MP: 5/5
  2398 | D:4      | Reached XP level 6. HP: 23/37 MP: 6/6
  2398 | D:4      | 2398 ||| FLEEEEING.
  2415 | D:4      | Gained mutation: Your natural rate of healing is unusually
                  | fast. [hidden potential]
  2479 | D:4      | Reached skill level 1 in Armour
  2481 | D:4      | Noticed Ijyb
  2521 | D:4      | Killed Ijyb
  2537 | D:4      | Found an ancient bone altar of Kikubaaqudgha.
  2569 | D:4      | 2569 ||| DRINKING 2 amethyst potions.
  2581 | D:4      | 2581 ||| FLEEEEING.
  2614 | D:4      | 2614 ||| FLEEEEING.
  2622 | D:4      | 2622 ||| FLEEEEING.
  2623 | D:4      | 2623 ||| FLEEEEING.
  2624 | D:4      | 2624 ||| FLEEEEING.
  2625 | D:4      | 2625 ||| FLEEEEING.
  2631 | D:4      | 2631 ||| FLEEEEING.
  2632 | D:4      | 2632 ||| FLEEEEING.
  2633 | D:4      | 2633 ||| FLEEEEING.
  2634 | D:4      | 2634 ||| FLEEEEING.
  2635 | D:4      | 2635 ||| FLEEEEING.
  2650 | D:4      | Reached skill level 7 in Ranged Weapons
  2651 | D:4      | 2651 ||| FLEEEEING.
  2666 | D:4      | 2666 ||| Invisibility monster not found???
  2873 | D:4      | Noticed Grinder
  2879 | D:4      | Paralysed by Grinder for 4 turns
  2893 | D:4      | 2893 ||| FLEEEEING.
  2897 | D:4      | 2897 ||| FLEEEEING.
  2898 | D:4      | 2898 ||| FLEEEEING.
  2899 | D:4      | 2899 ||| FLEEEEING.
  2902 | D:4      | 2902 ||| FLEEEEING.
  2903 | D:4      | 2903 ||| FLEEEEING.
  2904 | D:4      | 2904 ||| FLEEEEING.
  2905 | D:4      | 2905 ||| FLEEEEING.
  2906 | D:4      | 2906 ||| FLEEEEING.
  2907 | D:4      | 2907 ||| FLEEEEING.
  2908 | D:4      | 2908 ||| FLEEEEING.
  2912 | D:4      | Killed Grinder
  2913 | D:4      | Reached skill level 3 in Dodging
  2913 | D:4      | Reached XP level 7. HP: 39/43 MP: 7/7
  2922 | D:4      | Gained mutation: You heal very quickly. [hidden potential]
  2922 | D:4      | Lost mutation: You have hidden genetic potential. [hidden
                  | potential expressed]
  3009 | D:4      | 3009 ||| SWAPPING to +0 orcbow.
  3013 | D:4      | 3013 ||| DROPPING +0 shortbow.
  3046 | D:4      | Found a staircase to the Ecumenical Temple.
  3047 | D:4      | 3047 ||| PLANNING TEMPLE
  3051 | D:4      | 3051 ||| UPGRADING to +2 ring mail of willpower.
  3061 | D:4      | 3061 ||| DROPPING +0 leather armour.
  3062 | D:4      | 3062 ||| READING scroll labelled WUWNIKAMME.
  3067 | D:4      | 3067 ||| READING scroll labelled ZAEROALOKH.
  3123 | Temple   | Entered the Ecumenical Temple
  3124 | Temple   | 3124 ||| PLANNING D:1-11
  3520 | D:5      | Entered Level 5 of the Dungeon
  3520 | D:5      | Found a runed translucent gate.
  3520 | D:5      | Found a runed translucent gate.
  3573 | D:5      | Found a runed translucent gate.
  3577 | D:5      | Noticed qw's ghost (amateur GrHu)
  3639 | D:5      | Found a shimmering altar of Xom.
  3698 | D:5      | 3698 ||| FLEEEEING.
  3699 | D:5      | 3699 ||| FLEEEEING.
  3700 | D:5      | 3700 ||| FLEEEEING.
  3701 | D:5      | 3701 ||| FLEEEEING.
  3744 | D:5      | Reached skill level 8 in Ranged Weapons
  3744 | D:5      | Reached XP level 8. HP: 33/48 MP: 8/8
  4245 | D:5      | Reached skill level 3 in Armour
  4291 | D:5      | 4291 ||| DROPPING amulet of magic regeneration.
  4292 | D:5      | 4292 ||| UPGRADING to ring of protection from fire.
  4293 | D:5      | 4293 ||| READING scroll of identify.
  4293 | D:5      | 4293 ||| IDENTIFYING pink potion
  4294 | D:5      | 4294 ||| READING scroll labelled CIOROY NURA.
  4294 | D:5      | 4294 ||| ENCHANTING +1 pair of gloves.
  4295 | D:5      | 4295 ||| READING scroll labelled GOUPTI SAXKAED.
  4296 | D:5      | 4296 ||| READING 3 scrolls labelled GITAN OMUNTEOXT.
  4297 | D:5      | 4297 ||| FLEEEEING.
  4302 | D:5      | 4302 ||| READING scroll labelled HACOTAUZUR.
  4302 | D:5      | 4302 ||| ENCHANTING +0 orcbow.
  4303 | D:5      | 4303 ||| READING scroll labelled CAETRA UHIYF.
  4407 | D:5      | 4407 ||| DROPPING 2 scrolls of torment.
  4451 | D:6      | 4451 ||| STAIRDANCE
  4460 | D:6      | 4460 ||| STAIRDANCE
  4583 | D:6      | 4583 ||| RETREEEEATING.
  4601 | D:6      | Reached skill level 9 in Ranged Weapons
  4609 | D:6      | Reached skill level 6 in Fighting
  4609 | D:6      | 4609 ||| FLEEEEING.
  4620 | D:6      | Identified the +4 sling of Xoicluf {freeze, Will- Str+3
                  | Int+2}
  4872 | D:6      | Reached XP level 9. HP: 55/55 MP: 9/9
  5010 | D:6      | 5010 ||| DROPPING wand of flame (28).
  5216 | D:6      | Reached skill level 10 in Ranged Weapons
  5501 | D:7      | 5501 ||| STAIRDANCE
  5509 | D:7      | 5509 ||| STAIRDANCE
  5518 | D:7      | 5518 ||| STAIRDANCE
  5527 | D:7      | 5527 ||| STAIRDANCE
  5537 | D:7      | 5537 ||| STAIRDANCE
  5635 | D:7      | Identified the +4 spear of Wrongful Imprisonment {heavy,
                  | Will+ Dex+6}
  5709 | D:7      | Found an opulent altar of Gozag.
  5734 | D:7      | 5734 ||| FLEEEEING.
  5980 | D:7      | Found Viucamul's Book Boutique.
  6031 | D:7      | Found a basalt altar of Yredelemnul.
  6282 | D:7      | 6282 ||| UPGRADING to amulet of guardian spirit.
  6287 | D:7      | 6287 ||| UPGRADING to +4 ring of slaying {mikee}.
  6316 | D:8      | Reached skill level 11 in Ranged Weapons
  6558 | D:8      | Found a stormy altar of Qazlal.
  6673 | D:8      | 6673 ||| RETREEEEATING.
  6674 | D:8      | 6674 ||| RETREEEEATING.
  6693 | D:8      | Reached XP level 10. HP: 64/64 MP: 10/10
  6709 | D:8      | Reached skill level 12 in Ranged Weapons
  7038 | D:8      | 7038 ||| READING 2 scrolls of identify.
  7038 | D:8      | 7038 ||| IDENTIFYING silvery potion
  7039 | D:8      | 7039 ||| READING scroll of identify.
  7039 | D:8      | 7039 ||| IDENTIFYING orange potion
  7040 | D:8      | 7040 ||| DROPPING potion of attraction.
  7041 | D:8      | 7041 ||| DROPPING potion of degeneration.
  7192 | D:9      | Noticed a two-headed ogre
  7198 | D:9      | Killed a two-headed ogre
  7211 | D:9      | Reached skill level 13 in Ranged Weapons
  7244 | D:9      | 7244 ||| READING scroll of enchant weapon.
  7244 | D:9      | 7244 ||| ENCHANTING +1 orcbow.
  7294 | D:9      | Found an iron altar of Okawaru.
  7295 | D:9      | 7295 ||| PLANNING OKAWARU WORSHIP
  7295 | D:9      | 7295 ||| READING scroll of identify.
  7295 | D:9      | 7295 ||| IDENTIFYING green potion
  7321 | D:9      | Became a worshipper of Warmaster Okawaru
  7322 | D:9      | 7322 ||| PLANNING D:1-11
  7322 | D:9      | 7322 ||| REMOVING amulet of guardian spirit.
  7483 | D:9      | 7483 ||| FLEEEEING.
  7538 | D:9      | Reached skill level 9 in Fighting
  7555 | D:9      | Reached * piety under Okawaru
  7560 | D:9      | Found a staircase to the Lair.
  7577 | D:9      | Reached skill level 1 in Invocations
  7601 | D:9      | 7601 ||| DROPPING amulet of guardian spirit.
  7612 | D:9      | 7612 ||| DRINKING 2 glowing golden potions.
  7774 | D:9      | 7774 ||| PLANNING LAIR
  7798 | Lair:1   | Entered Level 1 of the Lair of Beasts
  7807 | Lair:1   | 7807 ||| INVOKING Heroism.
  7826 | Lair:1   | 7826 ||| STAIRDANCE
  7828 | D:9      | 7828 ||| FLEEEEING.
  7884 | Lair:1   | Found a runed translucent gate.
  7884 | Lair:1   | Found a runed translucent gate.
  7885 | Lair:1   | Found a runed translucent gate.
  7888 | Lair:1   | Noticed qw's ghost (journeyman GrHu)
  7909 | Lair:1   | 7909 ||| RETREEEEATING.
  7910 | Lair:1   | 7910 ||| RETREEEEATING.
  7913 | Lair:1   | Reached skill level 3 in Invocations
  7913 | Lair:1   | Reached XP level 11. HP: 71/71 MP: 11/13
  7913 | Lair:1   | 7913 ||| FLEEEEING.
  7914 | Lair:1   | 7914 ||| FLEEEEING.
  7915 | Lair:1   | 7915 ||| FLEEEEING.
  7916 | Lair:1   | 7916 ||| FLEEEEING.
  7917 | Lair:1   | 7917 ||| FLEEEEING.
  7918 | Lair:1   | 7918 ||| FLEEEEING.
  7919 | Lair:1   | 7919 ||| FLEEEEING.
  7920 | Lair:1   | 7920 ||| FLEEEEING.
  7921 | Lair:1   | 7921 ||| FLEEEEING.
  8016 | Lair:1   | 8016 ||| RETREEEEATING.
  8031 | Lair:1   | Reached ** piety under Okawaru
  8056 | Lair:1   | Noticed Gastronok
  8057 | Lair:1   | 8057 ||| INVOKING Heroism.
  8069 | Lair:1   | Killed Gastronok
  8070 | Lair:1   | Reached skill level 14 in Ranged Weapons
  8104 | Lair:1   | Reached *** piety under Okawaru
  8474 | Lair:1   | Found a viscous altar of Jiyva.
  8475 | Lair:1   | 8475 ||| UPGRADING to +1 hat.
  8480 | Lair:1   | 8480 ||| READING 2 scrolls of enchant armour.
  8480 | Lair:1   | 8480 ||| ENCHANTING +1 hat.
  8548 | Lair:2   | Noticed a catoblepas
  8549 | Lair:2   | 8549 ||| RETREEEEATING.
  8550 | Lair:2   | 8550 ||| INVOKING Heroism.
  8551 | Lair:2   | 8551 ||| RETREEEEATING.
  8572 | Lair:2   | 8572 ||| INVOKING Heroism.
  8575 | Lair:2   | Killed a catoblepas
  8583 | Lair:2   | 8583 ||| RETREEEEATING.
  8585 | Lair:2   | 8585 ||| RETREEEEATING.
  8586 | Lair:2   | 8586 ||| RETREEEEATING.
  8587 | Lair:2   | 8587 ||| RETREEEEATING.
  8659 | Lair:2   | 8659 ||| FLEEEEING.
  8660 | Lair:2   | 8660 ||| FLEEEEING.
  8661 | Lair:2   | 8661 ||| FLEEEEING.
  8662 | Lair:2   | 8662 ||| FLEEEEING.
  8663 | Lair:2   | 8663 ||| FLEEEEING.
  8664 | Lair:2   | 8664 ||| FLEEEEING.
  8665 | Lair:2   | 8665 ||| FLEEEEING.
  8666 | Lair:2   | 8666 ||| FLEEEEING.
  8667 | Lair:2   | 8667 ||| FLEEEEING.
  8668 | Lair:2   | 8668 ||| FLEEEEING.
  8669 | Lair:2   | 8669 ||| FLEEEEING.
  8670 | Lair:2   | 8670 ||| FLEEEEING.
  8671 | Lair:2   | 8671 ||| FLEEEEING.
  8672 | Lair:2   | 8672 ||| FLEEEEING.
  8673 | Lair:2   | 8673 ||| FLEEEEING.
  8674 | Lair:2   | 8674 ||| STAIRDANCE
  8836 | Lair:2   | 8836 ||| STAIRDANCE
  8908 | Lair:2   | 8908 ||| RETREEEEATING.
  8909 | Lair:2   | 8909 ||| RETREEEEATING.
  8910 | Lair:2   | 8910 ||| RETREEEEATING.
  8912 | Lair:2   | 8912 ||| INVOKING Heroism.
  8917 | Lair:2   | 8917 ||| RETREEEEATING.
  8918 | Lair:2   | 8918 ||| RETREEEEATING.
  8919 | Lair:2   | 8919 ||| RETREEEEATING.
  8920 | Lair:2   | 8920 ||| RETREEEEATING.
  8921 | Lair:2   | 8921 ||| RETREEEEATING.
  8922 | Lair:2   | 8922 ||| RETREEEEATING.
  8923 | Lair:2   | 8923 ||| RETREEEEATING.
  8935 | Lair:2   | Reached **** piety under Okawaru
  8936 | Lair:2   | Reached skill level 15 in Ranged Weapons
  8953 | Lair:2   | Reached XP level 12. HP: 67/77 MP: 15/15
  8953 | Lair:2   | 8953 ||| FLEEEEING.
  9053 | Lair:2   | 9053 ||| RETREEEEATING.
  9055 | Lair:2   | 9055 ||| RETREEEEATING.
  9056 | Lair:2   | 9056 ||| RETREEEEATING.
  9059 | Lair:2   | 9059 ||| RETREEEEATING.
  9060 | Lair:2   | 9060 ||| RETREEEEATING.
  9061 | Lair:2   | 9061 ||| RETREEEEATING.
  9074 | Lair:2   | 9074 ||| RETREEEEATING.
  9075 | Lair:2   | 9075 ||| RETREEEEATING.
  9107 | Lair:2   | Reached skill level 6 in Invocations
  9204 | Lair:2   | Found a transporter.
  9261 | Lair:2   | Found a transporter.
  9303 | Lair:2   | 9303 ||| FLEEEEING.
  9353 | Lair:2   | Found a staircase to the Snake Pit.
  9430 | Lair:2   | Reached ***** piety under Okawaru
  9431 | Lair:2   | 9431 ||| FLEEEEING.
  9601 | Lair:2   | 9601 ||| RETREEEEATING.
  9604 | Lair:2   | 9604 ||| RETREEEEATING.
  9607 | Lair:2   | 9607 ||| RETREEEEATING.
  9608 | Lair:2   | 9608 ||| RETREEEEATING.
  9609 | Lair:2   | 9609 ||| RETREEEEATING.
  9610 | Lair:2   | 9610 ||| RETREEEEATING.
  9611 | Lair:2   | 9611 ||| RETREEEEATING.
  9612 | Lair:2   | 9612 ||| RETREEEEATING.
  9613 | Lair:2   | 9613 ||| RETREEEEATING.
  9614 | Lair:2   | 9614 ||| RETREEEEATING.
  9615 | Lair:2   | 9615 ||| RETREEEEATING.
  9616 | Lair:2   | 9616 ||| RETREEEEATING.
  9617 | Lair:2   | 9617 ||| RETREEEEATING.
  9618 | Lair:2   | 9618 ||| RETREEEEATING.
  9619 | Lair:2   | 9619 ||| RETREEEEATING.
  9620 | Lair:2   | 9620 ||| RETREEEEATING.
  9621 | Lair:2   | 9621 ||| RETREEEEATING.
  9622 | Lair:2   | 9622 ||| RETREEEEATING.
  9623 | Lair:2   | 9623 ||| RETREEEEATING.
  9624 | Lair:2   | 9624 ||| RETREEEEATING.
  9625 | Lair:2   | 9625 ||| RETREEEEATING.
  9626 | Lair:2   | 9626 ||| RETREEEEATING.
  9632 | Lair:2   | 9632 ||| RETREEEEATING.
  9633 | Lair:2   | 9633 ||| RETREEEEATING.
  9634 | Lair:2   | 9634 ||| RETREEEEATING.
  9635 | Lair:2   | 9635 ||| RETREEEEATING.
  9636 | Lair:2   | 9636 ||| RETREEEEATING.
  9637 | Lair:2   | 9637 ||| RETREEEEATING.
  9638 | Lair:2   | 9638 ||| RETREEEEATING.
  9639 | Lair:2   | 9639 ||| RETREEEEATING.
  9640 | Lair:2   | 9640 ||| RETREEEEATING.
  9641 | Lair:2   | 9641 ||| RETREEEEATING.
  9642 | Lair:2   | 9642 ||| RETREEEEATING.
  9643 | Lair:2   | 9643 ||| RETREEEEATING.
  9645 | Lair:2   | 9645 ||| RETREEEEATING.
  9894 | Lair:2   | Received a gift from Okawaru
  9895 | Lair:2   | Reached skill level 16 in Ranged Weapons
 10015 | Lair:3   | 10015 ||| STAIRDANCE
 10049 | Lair:3   | 10049 ||| RETREEEEATING.
 10054 | Lair:3   | 10054 ||| RETREEEEATING.
 10056 | Lair:3   | 10056 ||| RETREEEEATING.
 10087 | Lair:3   | Noticed a death yak
 10087 | Lair:3   | Noticed a death yak
 10087 | Lair:3   | Noticed a death yak
 10088 | Lair:3   | 10088 ||| RETREEEEATING.
 10089 | Lair:3   | 10089 ||| RETREEEEATING.
 10090 | Lair:3   | 10090 ||| RETREEEEATING.
 10091 | Lair:3   | 10091 ||| RETREEEEATING.
 10092 | Lair:3   | 10092 ||| RETREEEEATING.
 10094 | Lair:3   | 10094 ||| RETREEEEATING.
 10096 | Lair:3   | 10096 ||| RETREEEEATING.
 10097 | Lair:3   | 10097 ||| INVOKING Finesse.
 10112 | Lair:3   | Noticed a death yak
 10114 | Lair:3   | Killed a death yak
 10124 | Lair:3   | Killed a death yak
 10125 | Lair:3   | 10125 ||| FLEEEEING.
 10125 | Lair:3   | Noticed a death yak
 10126 | Lair:3   | HP: 18/79 [death yak (10)]
 10127 | Lair:3   | 10127 ||| READING scroll of teleportation.
 10128 | Lair:3   | 10128 ||| DRINKING potion of heal wounds.
 10130 | Lair:3   | HP: 8/79 [death yak (16)]
 10130 | Lair:3   | Slain by a death yak

Levels and vault maps discovered:
D:1:      dpeg_arrival_stone_temple_mockup, layout_basic, serial_shops,
          nicolae_shop_rolling_square
D:2:      layout_loops_corners, serial_park_tiny_1, uniq_crazy_yiuf_cottage
D:3:      layout_loops_ring, general_overflow_altar,
          shapermc_ecumenical_altar_mp_vishouse, minmay_misc_feat_x
D:4:      layout_basic, mainiacjoe_overflow_cross_hatched,
          minmay_temple_entry_statues_fountains, uniq_ijyb, uniq_eustachio,
          uniq_grinder
D:5:      layout_gridville, mainiacjoe_overflow_surrounded_room,
          ebering_ghost_rock_garden
D:6:      layout_basic, kennysheep_minor_cross, chequers_serial_rivers_room_b
D:7:      layout_loops_ring, mainiacjoe_overflow_small_starburst,
          lemuel_round_altar, serial_shops, shop
D:8:      layout_basic, nicolae_qazlal_general_emergency, special_room
          [special_room_orc], serial_library_hellmonk_room_a
D:9:      layout_roguey, okawaru_trees_2, due_lair_maze_entry_diamond
Temple:   zaba_magenta_temple
Lair:1:   layout_hall_layers, gammafunk_ghost_ooze, infiniplex_staircase_pool,
          uniq_gastronok
Lair:2:   gammafunk_worm_tunnel, layout_hall_layers,
          nicolae_shoals_entry_flooding, guppyfry_snake_entry_garden,
          serial_rivers, chequers_serial_rivers_micro_b,
          chequers_serial_rivers_large_b, chequers_serial_rivers_room_a,
          chequers_serial_rivers_room_a, chequers_serial_rivers_small_3,
          chequers_serial_rivers_micro_e, serial_bayou_lagoon_a
Lair:3:   layout_loops_ring, grunt_megastairs_1, lemuel_fruit_fields,
          serial_bayou_shore_a

Skill      XL: |  1  2  3  4  5  6  7  8  9 10 11 12 |
---------------+-------------------------------------+-----
Ranged Weapons | 5 6 7 8 9 11 13 15 16 | 16.0
Fighting       | 3 4 6 8 9 10 | 10.7
Armour         | 1 3 4 |  4.4
Dodging        | 3 4 |  4.1
Invocations    | 3 4 8 |  8.3
Stealth        | |  1.1

Action                     |  1- 3 |  4- 6 |  7- 9 | 10-12 || total
---------------------------+-------+-------+-------+-------++-------
  Melee: Shortbow          |       |     6 |       |       ||     6
   Fire: Shortbow          |    91 |   214 |     2 |       ||   307
         Orcbow            |       |       |   442 |   654 ||  1096
 Invoke: Heroism           |       |       |       |     5 ||     5
         Finesse           |       |       |       |     1 ||     1
    Use: Scroll            |     4 |     1 |     8 |     6 ||    19
         Potion            |       |     2 |       |     2 ||     4
 Armour: Leather armour    |    32 |   123 |       |       ||   155
         Ring mail         |       |       |   190 |   340 ||   530
  Dodge: Dodged            |    28 |    61 |   163 |   278 ||   530

Table legend:
 A = Non-vault XP
 B = Vault XP
 C = Vault XP percentage of total XP
 D = Non-vault monster count
 E = Vault monster count
 F = Vault count percentage of total count
                 A         B        C        D         E       F
            +---------+---------+-------+---------+---------+-------
      Total |   22463 |    6214 |  21.7 |     232 |      48 |  17.1
            +---------+---------+-------+---------+---------+-------
        D:1 |      19 |       0 |   0.0 |      12 |       0 |   0.0
        D:2 |      66 |       0 |   0.0 |      15 |       0 |   0.0
        D:3 |      77 |       0 |   0.0 |      17 |       0 |   0.0
        D:4 |     200 |     511 |  71.9 |      23 |       3 |  11.5
        D:5 |     883 |       0 |   0.0 |      22 |       0 |   0.0
        D:6 |     913 |       0 |   0.0 |      29 |       0 |   0.0
        D:7 |     991 |       0 |   0.0 |      24 |       0 |   0.0
        D:8 |    1567 |     246 |  13.6 |      19 |      25 |  56.8
        D:9 |    2042 |    1375 |  40.2 |      16 |       9 |  36.0
     Lair:1 |    4028 |    1518 |  27.4 |      20 |       1 |   4.8
     Lair:2 |    9777 |    1256 |  11.4 |      32 |       5 |  13.5
     Lair:3 |    1900 |    1308 |  40.8 |       3 |       5 |  62.5
            +---------+---------+-------+---------+---------+-------
